 Dungeon Crawl Stone Soup version 0.25.0-9-g26727b657a (webtiles) character file.

Game seed: 1024964615510107990

246 Elvor the Covered (level 5, -6/50 HPs)
             Began as a Deep Dwarf Fighter on June 17, 2020.
             Mangled by an ogre
             ... wielding a +0 giant club
              (26 damage)
             ... on level 5 of the Dungeon.
             The game lasted 00:18:02 (1685 turns).

Elvor the Covered (Deep Dwarf Fighter)              Turns: 1685, Time: 00:18:02

Health: -6/50      AC:  1    Str: 21    XL:     5   Next: 84%
Magic:  5/5        EV:  6    Int:  8    God:
Gold:   93         SH: 10    Dex: 12    Spells: 4/4 levels left

rFire    . . .     SeeInvis .   a - +0 war axe
rCold    . . .     Gourm    .   c - +0 kite shield
rNeg     . . .     Faith    .   i - +0 chain mail
rPois    .         Spirit   .   (no helmet)
rElec    .         Reflect  .   (no cloak)
rCorr    .         Harm     .   (no gloves)
MR       .....                  (no boots)
Stlth    ..........             (no amulet)
HPRegen  0.00/turn              j - ring of stealth
MPRegen  0.09/turn              (no ring)

@: mighty, corroded, non-regenerating
A: damage resistance, heal wounds, sense surroundings 1, no regeneration
a: Heal Wounds


You were on level 5 of the Dungeon.
You were not hungry.

You visited 1 branch of the dungeon, and saw 4 of its levels.

You collected 93 gold pieces.

Inventory:

Hand Weapons
 a - a +0 war axe (weapon)
 m - a +2 whip of distortion
Missiles
 q - 9 poisoned darts (quivered)
 w - 5 boomerangs
Armour
 b - a +0 scale mail
 c - a +0 kite shield (worn)
 i - a +0 chain mail (worn)
Jewellery
 j - a ring of stealth (left hand)
Wands
 t - a wand of flame (24)
Scrolls
 e - a scroll of enchant weapon {unknown}
 g - a scroll of noise {unknown}
 h - 4 scrolls of remove curse {unknown}
 k - 3 scrolls of identify {unknown}
 l - 3 scrolls of teleportation {unknown}
 p - a scroll of blinking {unknown}
 u - 2 scrolls of amnesia {unknown}
 v - 2 scrolls of fear {unknown}
Potions
 n - 2 potions of curing {unknown}
 r - a potion of resistance {unknown}
 s - a potion of haste {unknown}
Comestibles
 f - 8 rations


   Skills:
 + Level 3.7 Fighting
 + Level 3.9 Axes
 + Level 4.5 Armour
 + Level 0.8 Dodging
 + Level 4.4 Shields


You had 4 spell levels left.
You didn't know any spells.
Your spell library was empty.

Dungeon Overview and Level Annotations

Branches:
Dungeon (3/15)

Altars:
Ashenzari
Qazlal
Sif Muna


Innate Abilities, Weirdness & Mutations

You are resistant to damage.
You can heal yourself by infusing magical energy.
You passively map a small area around you.
You do not regenerate.


Message History

The orc wizard casts a cantrip, but nothing happens.
The ogre hits you with a +0 giant club!
You fail to use your ability.
The orc wizard hits you but does no damage.
You block the orc wizard's attack. You block the ogre's attack.
You feel much better. The orc wizard closely misses you.
You feel very mighty all of a sudden.
The orc wizard hits you with a +0 dagger.
The ogre hits you with a +0 giant club! You block the orc wizard's attack.
You hit the ogre.
The ogre is severely wounded.
You completely miss the orc wizard. You block the orc wizard's attack.
The ogre hits you with a +0 giant club!
The orc wizard hits you with a +0 dagger.
You hit the ogre.
The ogre is almost dead.
You barely miss the orc wizard. You block the orc wizard's attack.
The ogre hits you with a +0 giant club!!
Ouch! That really hurt!
You die...

, **## >
,... * #.#
## * .....
,,#.#. , ,
...#..o , *
(....oo####
, , *, *
,#@..# , *
* #O..# ,,
,#...# * ,
,, ⌠ ##'##
, , * *
..., , * *
..... *** ,
* .......*
+..._...+,
#%......#


You could see an ogre, an orc wizard (fast) and 2 orcs.

Vanquished Creatures
  An orc priest (D:3)
  A jelly (D:5)
  An orc wizard (D:3)
  An iguana (D:3)
  3 gnolls (D:2)
  4 adders
  A worm (D:3)
  3 dart slugs
  A leopard gecko (D:2)
  2 orcs (D:3)
  3 giant cockroaches
  6 goblins
  9 hobgoblins
  7 jackals (D:3)
  A ball python (D:1)
  5 bats
  2 frilled lizards (D:2)
  5 kobolds
  5 rats
61 creatures vanquished.

Notes
Turn   | Place    | Note
-------+----------+-------------------------------------------
     0 | D:1      | Elvor the Deep Dwarf Fighter began the quest for the Orb.
     0 | D:1      | Reached XP level 1. HP: 20/20 MP: 1/1
   344 | D:1      | Reached XP level 2. HP: 22/27 MP: 2/2
   807 | D:2      | Found a shimmering blue altar of Sif Muna.
   880 | D:2      | Reached XP level 3. HP: 23/33 MP: 3/3
   962 | D:2      | Reached XP level 4. HP: 29/42 MP: 4/4
  1408 | D:3      | Reached XP level 5. HP: 28/49 MP: 5/5
  1592 | D:3      | Found a stormy altar of Qazlal.
  1664 | D:3      | You fall into a shaft and drop 2 floors!
  1664 | D:5      | Entered Level 5 of the Dungeon
  1666 | D:5      | Found a shattered altar of Ashenzari.
  1666 | D:5      | Noticed an ogre
  1685 | D:5      | Mangled by an ogre

Illustrated notes

Levels and vault maps discovered:
D:1:      elethiomel_arrival_infinity_welcomes_careful_drivers, layout_basic
D:2:      minmay_alternating_diamond, layout_rooms, lemuel_doored_altar,
          first_ration
D:3:      layout_rooms, old_standard_altar, fountainhead
D:5:      layout_loops_ring, fedhas_altar_1, serial_shops, shop,
          evilmike_ruin_ashenzari

Skill      XL: |  1  2  3  4 |
---------------+-------------+-----
Armour         | 4 |  4.5
Fighting       | 3 |  3.7
Shields        | 4 |  4.4
Axes           | 3 |  3.9
Dodging        | |  0.8

Action                   |  1- 3 |  4- 6 || total
-------------------------+-------+-------++-------
Melee: War axe           |    75 |   179 ||   254
 Abil: Heal Wounds       |       |     3 ||     3
  Use: Potion            |       |     1 ||     1
  Eat: Chunk             |       |     3 ||     3
Armor: Scale mail        |    18 |       ||    18
       Chain mail        |    17 |   106 ||   123
Dodge: Dodged            |    18 |    46 ||    64
Block: Kite shield       |    37 |   112 ||   149
